Unix NetHack Version 5.0.0-0 post-release - last build Jun 10 2026 00:39:30 (3ee93aec679c4c4259841fe613dc97188e26a321,branch:main).

Game began 2026-06-14 13:44:16, ended 2026-06-14 15:45:12.

IanCurtis, chaotic male elven Wizard

               -----
               |...|
               |..<|
               |...|
              #....|
              #-.---
              @
              sf

IanCurtis the Conjurer    St:12 Dx:13 Co:14 In:20 Wi:10 Ch:10  Chaotic
Dlvl:7  $:234 HP:0(32) Pw:46(61) AC:8  Xp:5 T:2498 

Latest messages:
 The door crashes open!
 You stop.  Your kitten is in the way!
 You swap places with your kitten.
 The kitten misses the hobgoblin.
 The kitten misses the hobgoblin.
 It misses the hobgoblin.
 It bites the hobgoblin.
 The hobgoblin hits it.
 It misses the hobgoblin.
 It bites the hobgoblin.
 The hobgoblin hits it.
 The kitten bites the hobgoblin.
 The hobgoblin is killed!
 Your kitten eats a hobgoblin corpse.
 You descend the stairs.
 You see here a pair of padded gloves.
 You see here a pair of padded gloves.
 S - a pair of padded gloves.
 What do you want to drop? [$a-tv-zA-HJ-MPRS or ?*] S
 You drop a pair of padded gloves.
 Your kitten steps reluctantly onto a pair of padded gloves.
 Your kitten steps reluctantly onto a pair of padded gloves.
 There is a doorway here.
 You see here a pair of padded gloves.
 S - a pair of padded gloves.
 What do you want to name? [a-tv-zA-HJ-MPRS or ?*] S
 What do you want to name this pair of padded gloves? cursed
 You find a hidden passage.
 The giant spider bites!
 You miss the giant spider.
 The giant spider bites!
 You miss the giant spider.
 The giant spider bites!
 The giant spider's bite was poisoned!
 In what direction? .
 You feel better.
 The giant spider bites!
 In what direction? .
 You feel better.
 The giant spider bites!
 You miss the giant spider.
 The giant spider bites!
 You stop.  Your kitten is in the way!
 The jaguar hits!
 The jaguar hits again!
 The jaguar bites!
 The giant spider bites!
 The giant spider's bite was poisoned!
 You die...
 Do you want your possessions identified? [ynq] (y) q

Inventory:
 Coins    ('$')
  $ - 234 gold pieces
 Amulets  ('"')
  P - a cursed amulet of flying
 Weapons  (')')
  a - a blessed +1 quarterstaff (weapon in hands)
 Armor    ('[')
  M - an uncursed +0 orcish helm (being worn)
  S - a cursed -4 pair of gauntlets of fumbling named cursed
  v - a cursed -1 pair of levitation boots named cursed
  b - an uncursed +0 cloak of magic resistance (being worn)
 Comestibles  ('%')
  w - an uncursed eucalyptus leaf
  A - 3 uncursed food rations
 Scrolls  ('?')
  s - a blessed scroll of blank paper
  B - an uncursed scroll of confuse monster
  j - a blessed scroll of earth
  K - a blessed scroll of enchant armor
  i - an uncursed scroll of enchant armor
  x - a cursed scroll of enchant weapon
  r - a blessed scroll of food detection
  H - an uncursed scroll of identify
 Spellbooks  ('+')
  t - an uncursed spellbook of detect monsters
  m - an uncursed spellbook of extra healing
  l - a blessed spellbook of force bolt
  y - an uncursed spellbook of healing
 Potions  ('!')
  F - an uncursed potion of enlightenment
  z - an uncursed potion of extra healing
  L - an uncursed potion of gain energy
  p - an uncursed potion of healing
  h - an uncursed potion of invisibility
  J - an uncursed potion of paralysis
  g - an uncursed potion of restore ability
  f - an uncursed potion of see invisible
 Rings    ('=')
  q - an uncursed ring of conflict named conflict
  e - an uncursed +1 ring of gain constitution
  G - an uncursed ring of poison resistance
  d - an uncursed ring of stealth
  C - a cursed ring of teleport control named cursed
  D - an uncursed ring of warning
 Wands    ('/')
  c - a wand of create monster (0:13)
  R - a wand of digging (0:4)
  E - a wand of opening (0:6)
 Tools    ('(')
  o - an uncursed bugle
  n - a magic marker (0:20)
  k - an uncursed skeleton key

IanCurtis the Wizard's attributes:

Background:
 You were a Conjurer, a level 5 male elven Wizard.
 You were chaotic, nominally on a mission for Anhur
 who was opposed by Ptah (lawful) and Thoth (neutral).
 You were right-handed.
 You were in the Dungeons of Doom, on level 7.
 You entered the dungeon 2498 turns ago.
 There was a new moon in effect when your adventure ended.
 You had 213 experience points, 107 more were needed to attain level 6.

Basics:
 You had 0 out of 32 hit points.
 You had 46 out of 61 energy points (spell power).
 Your armor class was 8.
 Your wallet contained 234 zorkmids.
 Autopickup was off.

Final Characteristics:
 Your strength was 12 (limit:18).
 Your dexterity was 13 (limit:18).
 Your constitution was 14 (limit:16).
 Your intelligence was 20 (limit:20).
 Your wisdom was 10 (limit:20).
 Your charisma was 10 (limit:18).

Final Status:
 You weren't hungry.
 You were unencumbered.
 You were wielding a quarterstaff.
 You had basic skill with quarterstaff.

Final Attributes:
 You were piously aligned.
 You were magic-protected.
 You were sleep resistant.
 You were telepathic.
 You had infravision.
 You were warded.
 You are dead.

Miscellaneous:
 You didn't encounter any bones levels.
 Total elapsed playing time was 26 minutes and 26 seconds.

Major events:
 Turn
    1: IanCurtis the chaotic male elven Wizard entered the dungeon
  779: read a Discworld novel
  779: attained the rank of Conjurer (level 3)
 2498: killed by a giant spider

Spells:
 Name                 Level Category     Fail Retention
 force bolt             1   attack         0%   81%-90%
 extra healing          3   healing       74%  76%-100%
 healing                1   healing        0%  76%-100%
 detect monsters        1   divination     0%  76%-100%

Skills:
 Fighting Skills
   bare handed combat [Unskilled]
   riding             [Unskilled]
 Weapon Skills
   dagger             [Unskilled]
   knife              [Unskilled]
   axe                [Unskilled]
   short sword        [Unskilled]
   club               [Unskilled]
   mace               [Unskilled]
   quarterstaff       [Basic]
   polearms           [Unskilled]
   spear              [Unskilled]
   trident            [Unskilled]
   sling              [Unskilled]
   dart               [Unskilled]
   shuriken           [Unskilled]
 Spellcasting Skills
   attack spells      [Basic]
   healing spells     [Unskilled]
   divination spells  [Unskilled]
   enchantment spells [Basic]
   clerical spells    [Unskilled]
   escape spells      [Unskilled]
   matter spells      [Unskilled]

Voluntary challenges:
 Character rerolling was not enabled.
 You were an atheist.
 You never genocided any monsters.
 You never polymorphed an object.
 You never changed form.
 You used no wishes.
Achievements:
 You entered a shop.
 You read from a Discworld novel.
 You attained the rank of Conjurer.

 The Dungeons of Doom: levels 1 to 7
    Level 1:
    Level 2:
    Level 3: "vault"
       A scroll shop.
    Level 4: "vault"
       A fountain.
    Level 5:
       A fountain, a grave.
    Level 6: "vault"
       A fountain.
    Level 7: <- You were here.
       Final resting place for
          you, killed by a giant spider.


Vanquished creatures:
  a leprechaun
 an orc shaman
  a rock mole
  a pony
  a yellow light
  a kobold mummy
  a gray ooze
  a floating eye
  2 kittens
  a dwarf
  a hill orc
  a centipede
 an iguana
  2 acid blobs
  a manes
  a hobgoblin
  a cave spider
  a gecko
  7 jackals
  a fox
  a goblin
  5 sewer rats
  6 grid bugs
  2 lichens
  4 newts
46 creatures vanquished.

No species were genocided or became extinct.

Game over:
                       ----------
                      /          \
                     /    REST    \
                    /      IN      \
                   /     PEACE      \
                  /                  \
                  |    IanCurtis     |
                  |      234 Au      |
                  |   killed by a    |
                  |   giant spider   |
                  |                  |
                  |                  |
                  |       2026       |
                 *|     *  *  *      | *
        _________)/\\_//(\/(/\)/\//\/|_)_______

Goodbye IanCurtis the Wizard...

You died in The Dungeons of Doom on dungeon level 7 with 1363 points,
and 234 pieces of gold, after 2498 moves.
You were level 5 with a maximum of 32 hit points when you died.

